Match 40180658
Unlisted

Match 40180658
End
Selects Italian Combined Arms Battlegroup
Selects Bersaglieri Squad
Kradschützen Motorcycle Team
Bersaglieri Squad
Bersaglieri Squad
Construct Light Support Kompanie
Bersaglieri Squad
2.5-tonne Medical Truck
Selects Bersaglieri Bolster
Fire Support Elements
Bersaglieri Squad
Bersaglieri Squad
Selects Breda Model 30 Light Machine Guns
Flakvierling Half-track
Veteran Squad Leaders
Vehicle Survival Package
Assault Mechanized Group
Construct Panzerarmee Kommand
Selects Semovente da 75/18 Assault Gun
Selects Strafing Run
Strafing Run
Selects Pact of Steel
Armored Reserves
Tiger Heavy Tank
Charles Gamer
XuZhongwei
0
0

Comments sign in to comment!

No comments posted yet!